 Dungeon Crawl Stone Soup version 0.30-a0-862-g1aabd4f9c5 (webtiles) character file.

Game seed: 9864801940517577111

589 hikkokomori the Sneak (level 7, -6/59 HPs)
             Began as a Pale Draconian Brigand on Mar 10, 2023.
             Was an Initiate of Wu Jian.
             Mangled by a hornet (11 damage)
             ... while paralysed by a hornet
             ... on level 5 of the Dungeon.
             The game lasted 00:15:22 (4415 turns).

hikkokomori the Sneak (Pale Draconian Brigand)      Turns: 4415, Time: 00:15:22

Health: -6/59      AC: 12    Str: 13    XL:     7   Next: 15%
Magic:  0/10       EV:  2    Int: 16    God:    Wu Jian [......]
Gold:   273        SH:  0    Dex: 13    Spells: 4/10 levels left

rFire   + . .      SeeInvis .    g - +0 whip (elec)
rCold   x . .      Faith    .    (no shield)
rNeg    . . .      Spirit   +    (body armour unavailable)
rPois   .          Reflect  .    n - +1 hat
rElec   +          Rampage  .    t - +2 cloak of Taumatt {rElec}
rCorr   .                        (no gloves)
Will    .....                    s - +1 pair of boots
Stlth   +++                      h - amulet of guardian spirit
HPRegen 0.29/turn                e - ring "Pug Saus" {Fire Int+3}
MPRegen 0.12/turn                (no ring)

@: paralysed, lethally poisoned (-6 -> -9), short of breath, slowed
A: breathe steam, AC +6, unfitting armour, cold-blooded, steam resistance
a: Breathe Steam, Renounce Religion


You were on level 5 of the Dungeon.
You worshipped Wu Jian.
Wu Jian was noncommittal.
You visited 2 branches of the dungeon, and saw 6 of its levels.

You collected 273 gold pieces.

Inventory:

Hand Weapons
 a - a +2 dagger
 f - a +2 flail of holy wrath
 g - a +0 whip of electrocution (weapon)
Missiles
 c - 9 poisoned darts (quivered)
 d - 3 curare-tipped darts
Armour
 b - a +0 cloak
 n - a +1 hat (worn)
 s - a +1 pair of boots (worn)
 t - the +2 cloak of Taumatt (worn) {rElec}
   (You acquired it on level 4 of the Dungeon)

   rElec:     It insulates you from electricity.
Jewellery
 e - the ring "Pug Saus" (left hand) {Fire Int+3}
   (You acquired it on level 4 of the Dungeon)

   [ring of fire]

   It enhances your fire magic.
   Int:       It affects your intelligence (+3).
   rF:        It protects you from fire.
   rC:        It makes you vulnerable to cold.
 h - an amulet of guardian spirit (around neck)
Wands
 o - a wand of polymorph (11)
 v - a wand of paralysis (19)
Scrolls
 i - a scroll of fog
 k - a scroll of fear
 l - a scroll of poison
 p - a scroll of enchant armour {unknown}
Potions
 j - a potion of degeneration {unknown}
 m - 5 potions of attraction
 r - a potion of might
 u - a potion of haste {unknown}
 w - 4 potions of flight
 x - a potion of lignification {unknown}
 z - a potion of mutation {unknown}
 A - a potion of heal wounds {unknown}


   Skills:
 + Level 4.3 Fighting
 - Level 2.4 Short Blades
 - Level 1.1 Maces & Flails
 - Level 2.1 Throwing
 - Level 0.8 Dodging
 + Level 5.0 Stealth
 - Level 2.4 Spellcasting
 + Level 2.5 Conjurations
 + Level 3.2 Fire Magic
 + Level 0.2 Evocations


You had 4 spell levels left.
You knew the following spells:

 Your Spells              Type           Power      Damage    Failure   Level
a - Foxfire               Conj/Fire      68%        2x1d7     6%          1
b - Fireball              Conj/Fire      8%         3d6       86%         5

Your spell library contained the following spells:

 Spells                   Type           Power      Damage    Failure   Level
 Slow                     Hex            4%         N/A       21%         1
 Confusing Touch          Hex            1%         N/A       52%         3
 Vampiric Draining        Necr           1%         2d6       52%         3
 Irradiate                Conj/Tmut      3%         3d12      97%         5
 Blade Hands              Tmut           0%         N/A       99%         5
 Starburst                Conj/Fire      8%         6d4       100%        6
 Dragon Form              Tmut           0%         N/A       100%        7


Dungeon Overview and Level Annotations

Branches:
Dungeon (5/15)             Temple (1/1) D:4

Altars:
Dithmenos
Elyvilon
Fedhas
Gozag
Kikubaaqudgha
Nemelex Xobeh
Okawaru
Qazlal
Ru
Sif Muna
Trog
Uskayaw
Vehumet
Wu Jian
Xom
Yredelemnul
Zin
The Shining One

Shops:
D:5 :


Innate Abilities, Weirdness & Mutations

You can breathe blasts of scalding, opaque steam.
Your pale cyan-grey scales are hard. (AC +6)
You cannot fit into any form of body armour.
You are cold-blooded and may be slowed by cold attacks.
You are immune to the effects of steam.


Message History

The adder bites you but does no damage.
The hornet stings you but does no damage.
Unknown command.
You hit the hornet but do no damage.
The hornet is severely wounded.
The hornet misses you. The adder bites you but does no damage.
The hornet stings you!
You are poisoned.
You feel as though you will be slow longer.
The adder bites you but does no damage.
The hornet stings you but does no damage.
The adder closely misses you.
You hit the hornet but do no damage.
The hornet is heavily wounded.
You feel very sick. The hornet stings you!
You feel as though you will be slow longer.
The adder bites you but does no damage.
The hornet stings you but does no damage.
The adder bites you but does no damage.
Casting: Foxfire (safe; 6% risk of failure)
Confirm with . or Enter, or press ? or * to list all spells.
You feel a surge of power!
You conjure some foxfire!
You feel very sick. The hornet barely misses you. The adder barely misses you.
The hornet stings you!
* * * LOW HITPOINT WARNING * * *
You suddenly lose the ability to move!
The adder bites you.
* * * LOW HITPOINT WARNING * * *
You feel sick.
The foxfire hits the adder.
The adder is moderately wounded.
The foxfire hits the hornet but does no damage.
The hornet is heavily wounded.
The hornet stings you!
* * * LOW HITPOINT WARNING * * *
You feel as though you will be slow longer.
The adder bites you but does no damage.
The hornet stings you but does no damage.
You feel sick. The hornet stings you!
You die...

#...<........#.# ....
#............#.# ....
#.....[......# . ....
#............# ###.
#............# #.
#............#
#............######.#
#............ยงยง.....#
##########....@.....#
#....Sy....#
#..........#
#............
#...........#
#...........#
#...........#
#............


You could see a hornet and an adder.

Vanquished Creatures
  A black bear (D:5)
  2 ogres (D:5)
  A hound (D:5)
  2 iguanas (D:5)
  4 gnolls
  7 adders
  A shadow imp (D:5)
  4 dart slugs
  8 orcs
  4 ball pythons
  3 endoplasms (D:1)
  10 giant cockroaches
  3 goblins
  9 hobgoblins
  6 jackals
  3 quokkas
  6 bats
  4 frilled lizards
  9 kobolds
  4 rats
  A bush (D:3)
92 creatures vanquished.

Vanquished Creatures (collateral kills)
  A hound (D:4)
  An adder (D:4)
  A goblin (D:4)
  4 jackals (D:4)
7 creatures vanquished.

Vanquished Creatures (others)
  16 foxfires
  4 plants
20 creatures vanquished.

Grand Total: 119 creatures vanquished

Notes
Turn   | Place    | Note
-------+----------+-------------------------------------------
     0 | D:1      | hikkokomori the Draconian Brigand began the quest for the
                  | Orb.
     0 | D:1      | Reached XP level 1. HP: 17/17 MP: 1/1
   245 | D:1      | Reached XP level 2. HP: 11/25 MP: 2/2
   392 | D:1      | Learned a level 1 spell: Foxfire
   868 | D:1      | Reached XP level 3. HP: 30/30 MP: 1/3
   980 | D:1      | Reached skill level 4 in Stealth
  1442 | D:2      | Reached XP level 4. HP: 37/38 MP: 3/5
  1460 | D:2      | Found a faded altar of an unknown god.
  1508 | D:2      | Reached skill level 1 in Fire Magic
  1837 | D:2      | Reached skill level 1 in Spellcasting
  2526 | D:3      | Identified the +2 robe of Geurumiu {rC+++ Int-4 Slay+3}
  2541 | D:3      | Reached XP level 5. HP: 39/45 MP: 6/6
  3186 | D:4      | Identified a scroll of acquirement
  3186 | D:4      | Acquired the ring "Pug Saus" {Fire Int+3}
  3191 | D:4      | Reached skill level 1 in Conjurations
  3201 | D:4      | Reached skill level 1 in Maces & Flails
  3275 | D:4      | Found a staircase to the Ecumenical Temple.
  3300 | D:4      | Learned a level 5 spell: Fireball
  3325 | Temple   | Entered the Ecumenical Temple
  3326 | Temple   | Acquired the +2 cloak of Taumatt {rElec}
  3393 | Temple   | Became a worshipper of the Wu Jian Council
  3447 | D:5      | Entered Level 5 of the Dungeon
  3938 | D:5      | Found a shimmering altar of Xom.
  3938 | D:5      | Found a sparkling altar of Nemelex Xobeh.
  3956 | D:5      | Reached XP level 6. HP: 29/52 MP: 5/8
  4216 | D:5      | Found a sacrificial altar of Ru.
  4328 | D:5      | Your scales start taking on a pale cyan-grey colour.
  4328 | D:5      | Reached XP level 7. HP: 59/59 MP: 10/10
  4328 | D:5      | Gained mutation: You are immune to the effects of steam.
                  | [Pale Draconian growth]
  4378 | D:5      | Reached skill level 5 in Stealth
  4378 | D:5      | Found Vinurik's Self-Improvement Boutique.
  4402 | D:5      | Noticed a hornet
  4413 | D:5      | Paralysed by a hornet for 3 turns
  4415 | D:5      | Mangled by a hornet

Illustrated notes

Levels and vault maps discovered:
D:1:      minmay_arrival_up_and_down, layout_basic, serial_bayou_lake_a
D:2:      layout_basic, nicolae_ecumenical_snake_handling
D:3:      layout_basic, serial_forest, infiniplex_forest_clump_small,
          infiniplex_forest_end_1, infiniplex_forest_straight_2,
          infiniplex_forest_zigzag_1, infiniplex_forest_straight_2,
          infiniplex_forest_clump_double, infiniplex_forest_lined_corner,
          infiniplex_forest_split, kennysheep_decorative_pillar,
          grunt_decor_mini_mirrors
D:4:      layout_cave_pools, minmay_temple_entry_stoned_glass
D:5:      layout_basic, lemuel_doored_altar, grunt_temple_overflow_open,
          gammafunk_ghost_stat_death, nicolae_shop_self_help
Temple:   compressed_dpeg_triangle_lava_temple

Skill      XL: |  1  2  3  4  5  6  7 |
---------------+----------------------+-----
Throwing       | 2 |  2.1
Stealth        | 4 5 |  5.0
Fighting       | 3 4 |  4.3
Fire Magic     | 1 2 3 |  3.2
Spellcasting   | 1 2 |  2.4
Conjurations   | 1 2 |  2.5
Maces & Flails | 1 |  1.1
Short Blades   | |  2.4
Dodging        | |  0.8
Evocations     | |  0.2

Action                     |  1- 3 |  4- 6 |  7- 9 || total
---------------------------+-------+-------+-------++-------
  Melee: Dagger            |    85 |       |       ||    85
         Tailslap          |    12 |    35 |     1 ||    48
         Punch             |     3 |     3 |     1 ||     7
         Whip              |    47 |   230 |     6 ||   283
  Throw: Dart              |     1 |       |       ||     1
   Cast: Foxfire           |     1 |     7 |     1 ||     9
Ability: Lunge             |       |     4 |       ||     4
         Breathe Steam     |       |       |     2 ||     2
  Evoke: Wand              |       |     3 |       ||     3
    Use: Scroll            |     2 |     7 |     1 ||    10
         Potion            |       |       |     1 ||     1
   Stab: Sleeping          |     4 |     8 |       ||    12
         Paralysed         |       |     7 |       ||     7
 Armour: Skin              |    57 |    85 |    15 ||   157
  Dodge: Dodged            |    88 |   133 |     6 ||   227

Table legend: (Time is in decaauts)
 A = Elapsed time spent in this place.
 B = Non-inter-level travel time spent in this place.
 C = Inter-level travel time spent in this place.
 D = Time resting spent in this place.
 E = Time spent auto-exploring this place.
 F = Levels seen in this place.
 G = Mean time per level.
                   A        B        C        D        E       F      G
               +--------+--------+--------+--------+--------+-----+--------+
         Total |   4462 |   4264 |    198 |    286 |   2895 |   6 |  743.7 |
       Dungeon |   4372 |   4192 |    180 |    286 |   2895 |   5 |  874.4 |
        Temple |     90 |     72 |     18 |      0 |      0 |   1 |   90.0 |
               +--------+--------+--------+--------+--------+-----+--------+

Top non-repeatable levels by time:
     D:1: 1310 daAuts
     D:3: 1138 daAuts
     D:2: 776 daAuts
     D:4: 638 daAuts
     D:5: 509 daAuts
  Temple: 90 daAuts
